 Dungeon Crawl Stone Soup version 0.27.0-1-g7a089689b8 (webtiles) character file.

Game seed: 10186814013790519519

1971 bnorton916 the Thaumaturge (level 9, -3/45 HPs)
             Began as a Deep Elf Conjurer on Aug 5, 2021.
             Was a Follower of Vehumet.
             Slain by a wyvern (6 damage)
             ... on level 7 of the Dungeon.
             The game lasted 00:12:39 (7419 turns).

bnorton916 the Thaumaturge (Deep Elf Conjurer)      Turns: 7419, Time: 00:12:41

Health: -3/45      AC:  5    Str:  5    XL:     9   Next: 0%
Magic:  7/23       EV: 12    Int: 26    God:    Vehumet [*.....]
Gold:   145        SH:  0    Dex: 13    Spells: 8/25 levels left

rFire    + . .     SeeInvis .   (no weapon)
rCold    . . .     Faith    .   (no shield)
rNeg     . . .     Spirit   .   a - +0 robe
rPois    +         Reflect  .   x - +0 helmet
rElec    .         Harm     .   (no cloak)
rCorr    .         Rampage  .   y - +1 pair of gloves
Will     .....                  (no boots)
Stlth    ++........             (no amulet)
HPRegen  0.15/turn              n - ring of poison resistance
MPRegen  0.18/turn              z - ring of protection from fire

@: no status effects
A: no striking features
a: Renounce Religion


You were on level 7 of the Dungeon.
You worshipped Vehumet.
Vehumet was aware of your devotion.
You visited 1 branch of the dungeon, and saw 7 of its levels.

You collected 362 gold pieces.
You spent 217 gold pieces at shops.

Inventory:

Hand Weapons
 d - a +0 vorpal spear
Missiles
 b - 2 throwing nets
 s - 22 poisoned darts
 A - 51 stones
Armour
 a - a +0 robe (worn)
 x - a +0 helmet (worn)
 y - a +1 pair of gloves (worn)
Jewellery
 k - an amulet of faith
 n - a ring of poison resistance (left hand)
 z - a ring of protection from fire (right hand)
Wands
 r - a wand of polymorph (7)
Scrolls
 c - a scroll of vulnerability
 h - 3 scrolls of noise {unknown}
 i - 2 scrolls of teleportation
 l - a scroll of magic mapping {unknown}
 p - a scroll of fear {unknown}
 q - a scroll of enchant armour {unknown}
 t - 2 scrolls of blinking {unknown}
 w - a scroll of identify
Potions
 e - a potion of heal wounds
 f - a potion of degeneration
 g - 2 potions of haste
 j - a potion of berserk rage
 m - 2 potions of cancellation
 o - a potion of curing {unknown}
 u - a potion of flight {unknown}
 v - a potion of might {unknown}


   Skills:
 - Level 2.4 Dodging
 - Level 2.4 Stealth
 - Level 8.5 Spellcasting
 + Level 8.4 Conjurations
 + Level 6.6 Hexes
 + Level 2.6 Summonings
 - Level 5.1 Translocations


You had 8 spell levels left.
You knew the following spells:

 Your Spells              Type           Power      Damage    Failure   Level
a - Magic Dart            Conj           100%       1d8       1%          1
b - Searing Ray           Conj           100%       3d7       1%          2
c - Fulminant Prism       Conj/Hex       25%        3d14      2%          4
d - Iskenderun's Mystic   Conj/Tloc      46%        2d10      3%          4
e - Summon Mana Viper     Hex/Summ       35%        N/A       22%         5
f - Sandblast             Erth           22%        2d7       5%          1

Your spell library contained the following spells:

 Spells                   Type           Power      Damage    Failure   Level
 Dazzling Flash           Conj/Hex       100%       N/A       1%          3
 Summon Ice Beast         Ice/Summ       17%        N/A       30%         4
 Monstrous Menagerie      Summ           12%        N/A       100%        7


Dungeon Overview and Level Annotations

Branches:
Dungeon (7/15)             Temple (0/1) D:5

Altars:
Fedhas
Gozag
Qazlal
Sif Muna
Vehumet
Yredelemnul

Shops:
D:1 [   D:5 *


Message History

Press: ? - help, Shift-Dir - straight line, f/p - wyvern
Aim: a wyvern (heavily wounded, 100% to hit)
The magic dart hits the wyvern.
The wyvern is heavily wounded.
The wyvern bites you!
Casting: Magic Dart (safe; 1% risk of failure)
Confirm with . or Enter, or press ? or * to list all spells.
Okay, then.
The wyvern bites you!
* * * LOW HITPOINT WARNING * * *
Casting: Magic Dart (safe; 1% risk of failure)
Confirm with . or Enter, or press ? or * to list all spells.
You erupt in a blast of force!
The mystic blast hits the wyvern.
The wyvern is severely wounded.
The wyvern is knocked back by the mystic blast.
Unknown command.
Casting: Iskenderun's Mystic Blast (dangerous; 3% risk of failure)
Confirm with . or Enter, or press ? or * to list all spells.
Aiming: Searing Ray (safe; 1% risk of failure)
Press: ? - help, Shift-Dir - straight line, f/p - wyvern
Aim: a wyvern (severely wounded, 83% to hit)
The searing ray misses the wyvern. (Press . to maintain the ray.)
The wyvern bites you.
* * * LOW HITPOINT WARNING * * *
Casting: Searing Ray (safe; 1% risk of failure)
Confirm with . or Enter, or press ? or * to list all spells.
You erupt in a blast of force!
The mystic blast hits the wyvern.
The wyvern is severely wounded.
The wyvern is knocked back by the mystic blast.
Unknown command.
Casting: Iskenderun's Mystic Blast (dangerous; 3% risk of failure)
Confirm with . or Enter, or press ? or * to list all spells.
Aiming: Searing Ray (safe; 1% risk of failure)
Press: ? - help, Shift-Dir - straight line, f/p - wyvern
Aim: a wyvern (severely wounded, 83% to hit)
The searing ray misses the wyvern. (Press . to maintain the ray.)
The wyvern bites you.
You die...

##.###### ........#..
# #.#.# #. #l#.# #.
###@#.# ###.##...#.#
#......###.# #####
#.#...####.####...#
<.....#.............#
###..........####...#
#...######## ##.##
#... ##.## #..
######...##


You could see a wyvern.

Vanquished Creatures
  Eustachio (D:6)
  A water moccasin (D:6)
  A black bear (D:5)
  4 ogres
  2 ice beasts
  2 sky beasts
  2 necrophages
  A kobold brigand (D:6)
  A bullfrog (D:7)
  A scorpion (D:6)
  A wyvern skeleton (D:7)
  3 hounds
  2 jellies (D:2)
  A centaur skeleton (D:6)
  5 iguanas
  An orc wizard (D:4)
  4 gnolls (D:5)
  3 adders
  A shadow imp (D:5)
  A worm (D:3)
  2 dart slugs
  20 orcs
  15 endoplasms
  3 giant cockroaches
  7 goblins
  5 hobgoblins
  16 jackals
  4 quokkas
  9 ball pythons
  8 bats
  2 frilled lizards
  16 kobolds
  A quokka skeleton (D:4)
  4 rats
  A spectral kobold (D:2)
151 creatures vanquished.

Vanquished Creatures (others)
  2 fulminant prisms (D:6)
  9 toadstools (D:2)
11 creatures vanquished.

Grand Total: 162 creatures vanquished

Notes
Turn   | Place    | Note
-------+----------+-------------------------------------------
     0 | D:1      | bnorton916 the Deep Elf Conjurer began the quest for the
                  | Orb.
     0 | D:1      | Reached XP level 1. HP: 10/10 MP: 6/6
    89 | D:1      | Reached XP level 2. HP: 15/15 MP: 0/8
   407 | D:1      | Found Xep Oceo's Antique Armour Shoppe.
   635 | D:1      | Reached skill level 5 in Conjurations
   635 | D:1      | Reached XP level 3. HP: 19/19 MP: 8/10
   638 | D:1      | Learned a level 2 spell: Searing Ray
  1351 | D:2      | Reached XP level 4. HP: 24/24 MP: 10/12
  1484 | D:2      | Found a faded altar of an unknown god.
  2313 | D:2      | Reached skill level 5 in Spellcasting
  2413 | D:2      | Reached XP level 5. HP: 28/28 MP: 11/15
  2905 | D:3      | Learned a level 4 spell: Fulminant Prism
  2910 | D:3      | Learned a level 4 spell: Iskenderun's Mystic Blast
  3168 | D:3      | Found a blossoming altar of Fedhas.
  3381 | D:4      | Noticed a necrophage
  3387 | D:4      | Reached skill level 1 in Hexes
  3389 | D:4      | Killed a necrophage
  3390 | D:4      | Reached skill level 1 in Translocations
  3390 | D:4      | Reached XP level 6. HP: 32/32 MP: 6/17
  4100 | D:5      | Entered Level 5 of the Dungeon
  4226 | D:5      | Reached XP level 7. HP: 36/36 MP: 13/19
  4390 | D:5      | Found a radiant altar of Vehumet.
  4396 | D:5      | Became a worshipper of Vehumet
  4479 | D:5      | Found a staircase to the Ecumenical Temple.
  4801 | D:5      | Found an opulent altar of Gozag.
  4806 | D:5      | Found Gozag's Platinum Reserve.
  4872 | D:5      | Found a basalt altar of Yredelemnul.
  5295 | D:6      | Reached XP level 8. HP: 31/41 MP: 13/21
  5553 | D:6      | Reached skill level 5 in Hexes
  5834 | D:6      | Noticed Eustachio
  5840 | D:6      | Killed Eustachio
  6314 | D:6      | Found a shimmering blue altar of Sif Muna.
  6425 | D:7      | Learned a level 5 spell: Summon Mana Viper
  6489 | D:7      | Found a stormy altar of Qazlal.
  6731 | D:1      | Bought a pair of runed gloves for 217 gold pieces
  6900 | D:7      | Reached skill level 1 in Summonings
  6904 | D:7      | Reached skill level 5 in Translocations
  6995 | D:7      | Reached * piety under Vehumet
  6995 | D:7      | Offered knowledge of Sandblast by Vehumet.
  7137 | D:7      | Learned a level 1 spell: Sandblast
  7339 | D:7      | Reached XP level 9. HP: 45/45 MP: 19/23
  7419 | D:7      | Slain by a wyvern

Illustrated notes

Levels and vault maps discovered:
D:1:      dpeg_arrival_water_temple_mockup, layout_loops_ring, serial_shops,
          shop_fountains
D:2:      cheibrodos_fertilizer, layout_basic,
          dreamdust_ecumenical_altar_drowned_temple
D:3:      minmay_evil_eye, layout_rooms, mainiacjoe_overflow_alcove_2
D:4:      layout_cave_pools
D:5:      layout_rooms, nicolae_gozag_zags_fifth_avenue, kennysheep_little_box,
          lemuel_tele_altar, minmay_temple_entry_sparse_star
D:6:      layout_loops_ring, nicolae_sif_muna_little_library, uniq_eustachio
D:7:      layout_loops_ring, grunt_qazlal_sundering, serial_shops,
          kennysheep_mini

Skill      XL: |  1  2  3  4  5  6  7  8 |
---------------+-------------------------+-----
Spellcasting   | 4 5 6 7 8 |  8.5
Conjurations   | 5 6 7 8 |  8.4
Hexes          | 1 3 4 6 |  6.6
Translocations | 1 2 3 5 |  5.1
Summonings     | 2 |  2.6
Dodging        | |  2.4
Stealth        | |  2.4

Action                   |  1- 3 |  4- 6 |  7- 9 || total
-------------------------+-------+-------+-------++-------
 Cast: Magic Dart        |    69 |   119 |    96 ||   284
       Searing Ray       |       |     8 |    21 ||    29
       Iskenderun's Myst |       |       |     4 ||     4
       Fulminant Prism   |       |       |     2 ||     2
  Use: Scroll            |       |     7 |       ||     7
Armor: Robe              |     3 |     1 |     2 ||     6
Dodge: Dodged            |     6 |     7 |    15 ||    28
